 Dungeon Crawl Stone Soup version 0.31-a0-851-g7ff8af7976 (webtiles) character file.

Game seed: 11293766967450385266

698 BritishOli the Trooper (level 7, -1/56 HPs)
             Began as a Demonspawn Fighter on Oct 6, 2023.
             Slain by Prince Ribbit (4 damage)
             ... on level 5 of the Dungeon.
             The game lasted 00:04:09 (2785 turns).

BritishOli the Trooper (Demonspawn Fighter)         Turns: 2785, Time: 00:04:09

Health: -1/56      AC:  9    Str: 18    XL:     7   Next: 38%
Magic:  7/7        EV: 10    Int: 10    God:
Gold:   126        SH:  4    Dex: 12    Spells: 6/6 levels left

rFire   . . .        a - +0 war axe
rCold   + + .        c - +0 buckler
rNeg    + . .        h - +1 ring mail {rN+}
rPois   .            (helmet restricted)
rElec   .            (no cloak)
rCorr   .            (no gloves)
SInv    .            (no boots)
Will    .....        (no amulet)
Stlth   +            b - ring of protection from cold
HPRegen 0.29/turn    v - ring of protection from cold
MPRegen 0.10/turn

%: no passive effects
@: mighty
A: horns 2, slimy green scales 1, powered by death 1
a: no special abilities


You were on level 5 of the Dungeon.
You visited 1 branch of the dungeon, and saw 5 of its levels.

You collected 126 gold pieces.

Inventory:

Hand Weapons
 a - a +0 war axe (weapon)
Armour
 c - a +0 buckler (worn)
 h - a +1 ring mail of positive energy (worn)
 u - a +0 pair of boots
Jewellery
 b - a ring of protection from cold (left hand)
 n - an amulet of faith
 v - a ring of protection from cold (right hand)
Scrolls
 e - a scroll of noise {unknown}
 j - a scroll of poison {unknown}
 k - 3 scrolls of identify {unknown}
 l - a scroll of revelation {unknown}
 m - a scroll of summoning {unknown}
 o - a scroll of immolation {unknown}
 p - a scroll of fog {unknown}
 q - a scroll of enchant armour {unknown}
 r - 2 scrolls of amnesia {unknown}
Potions
 g - a potion of heal wounds {unknown}
 i - a potion of brilliance {unknown}
 s - a potion of mutation {unknown}


   Skills:
 + Level 5.4 Fighting
 + Level 4.4 Axes
 + Level 4.9 Armour
 - Level 3.1 Shields


You had 6 spell levels left.
You didn't know any spells.
Your spell library contained the following spells:

 Spells                   Type           Power      Damage    Failure   Level
 Apportation              Tloc           0%         N/A       63%         1
 Necrotise                Necr           0%         1d4       63%         1
 Shock                    Conj/Air       0%         1d3       63%         1
 Summon Small Mammal      Summ           0%         N/A       63%         1
 Swiftness                Air            0%         N/A       94%         3
 Airstrike                Air            0%         2d(0-16)  100%        4


Dungeon Overview and Level Annotations

Branches:
Dungeon (5/15)
 Temple: D:4-7

Altars:
Kikubaaqudgha

Annotations:
D:5 Prince Ribbit


Innate Abilities, Weirdness & Mutations

You have a pair of horns on your head.
You are partially covered in slimy green scales. (AC +2)
You regenerate a little health from kills.


Message History

You start resting.
Prince Ribbit catches a centipede with his tongue.
Prince Ribbit is nearby!
Aiming: Paralyse
Press: ? - help, Shift-Dir - straight line, f/p - Prince Ribbit
Aim: Prince Ribbit (severely wounded, chance to affect: 31%) Prince Ribbit easily resists.
Aiming: Paralyse
Press: ? - help, Shift-Dir - straight line, f/p - Prince Ribbit
Aim: Prince Ribbit (severely wounded, chance to affect: 31%) Prince Ribbit easily resists.
Aiming: Paralyse
Press: ? - help, Shift-Dir - straight line, f/p - Prince Ribbit
Aim: Prince Ribbit (severely wounded, chance to affect: 31%) Prince Ribbit easily resists.
Prince Ribbit croaks regally.
Prince Ribbit blinks!
Aiming: Paralyse
Press: ? - help, Shift-Dir - straight line, f/p - Prince Ribbit
Aim: Prince Ribbit (severely wounded, chance to affect: 31%) Prince Ribbit easily resists.
The now-empty wand crumbles to dust.
You aren't carrying any items that you can evoke.
Prince Ribbit attacks as he pursues you!
Prince Ribbit hits you!
* * * LOW HITPOINT WARNING * * *
Prince Ribbit hits you!
* * * LOW HITPOINT WARNING * * *
You feel better. Prince Ribbit hits you.
* * * LOW HITPOINT WARNING * * *
Okay, then.
You feel better. Prince Ribbit hits you!
* * * LOW HITPOINT WARNING * * *
You block Prince Ribbit's attack.
Okay, then.
You feel very mighty all of a sudden. Prince Ribbit barely misses you.
You closely miss Prince Ribbit.
Prince Ribbit is severely wounded.
Prince Ribbit hits you.
You die...

.........## ####
#......###########
######
#.................
.......
#..?.......#
####...
+......###.# #.##
##....†# #.# ###
######.# #####.#
#.# #<# #....))#
..#
#F#####.###.###..#
###
#.@.........###..#
#######........).#
##########.# #)#
###)## #.).).
#.#... #.#### #.#
#.


You could see Prince Ribbit.

Vanquished Creatures
  Sigmund (D:5)
  A black bear (D:5)
  A phantom (D:5)
  2 scorpions (D:5)
  An orc priest (D:5)
  2 iguanas
  An orc wizard (D:5)
  7 adders
  A dart slug (D:3)
  11 orcs
  9 endoplasms
  2 giant cockroaches (D:1)
  6 goblins
  5 hobgoblins
  4 jackals (D:3)
  8 kobolds
  3 quokkas
  9 ball pythons
  4 bats
  5 frilled lizards
  4 rats
87 creatures vanquished.

Vanquished Creatures (others)
  A human (D:3)
1 creature vanquished.

Grand Total: 88 creatures vanquished

Notes
Turn   | Place    | Note
-------+----------+-------------------------------------------
     0 | D:1      | BritishOli the Demonspawn Fighter began the quest for the
                  | Orb.
     0 | D:1      | Reached XP level 1. HP: 18/18 MP: 1/1
    99 | D:1      | Gained mutation: You are partially covered in slimy green
                  | scales. (AC +2) [demonic ancestry]
    99 | D:1      | Reached XP level 2. HP: 22/24 MP: 2/2
   267 | D:1      | Found a faded altar of an unknown god.
   581 | D:2      | Gained mutation: You have a pair of small horns on your
                  | head. [demonic ancestry]
   581 | D:2      | Reached XP level 3. HP: 24/29 MP: 3/3
   911 | D:2      | Reached XP level 4. HP: 36/36 MP: 4/4
  1916 | D:3      | Found an ancient bone altar of Kikubaaqudgha.
  1916 | D:3      | Noticed a human
  1919 | D:3      | Killed a human
  2110 | D:4      | Reached skill level 4 in Fighting
  2110 | D:4      | Gained mutation: You regenerate a little health from kills.
                  | [demonic ancestry]
  2110 | D:4      | Reached XP level 5. HP: 22/42 MP: 5/5
  2248 | D:5      | Entered Level 5 of the Dungeon
  2379 | D:5      | Noticed a black bear
  2379 | D:5      | Noticed a phantom
  2387 | D:5      | Killed a black bear
  2388 | D:5      | Gained mutation: You have a pair of horns on your head.
                  | [demonic ancestry]
  2388 | D:5      | Reached XP level 6. HP: 38/49 MP: 6/6
  2555 | D:5      | Noticed Sigmund
  2567 | D:5      | Killed Sigmund
  2568 | D:5      | Reached skill level 5 in Fighting
  2568 | D:5      | Reached XP level 7. HP: 40/56 MP: 7/7
  2738 | D:5      | Noticed Prince Ribbit
  2781 | D:5      | HP: 2/56 [Prince Ribbit (8)]
  2785 | D:5      | Slain by Prince Ribbit

Illustrated notes

Levels and vault maps discovered:
D:1:      minmay_arrival_glassed_features, layout_rooms,
          nicolae_ecumenical_lake_church
D:2:      layout_rooms, nrook_mini_vaults, hex_tiny, minmay_three_crescents
D:3:      layout_loops_corners, tgw_kikubaaqudgha
D:4:      nicolae_cairo_tiling_very_big, layout_basic, serial_rivers,
          chequers_serial_rivers_micro_a, chequers_serial_rivers_micro_c,
          chequers_serial_rivers_small_3, chequers_serial_rivers_room_a,
          chequers_serial_rivers_micro_d, gammafunk_ghost_grave
D:5:      layout_basic, biasface_ghost_orc_armoury,
          chequers_serial_rivers_marsh, uniq_pikel, uniq_eustachio,
          uniq_prince_ribbit1, uniq_sigmund

Skill      XL: |  1  2  3  4  5  6 |
---------------+-------------------+-----
Axes           | 2 3 4 |  4.4
Shields        | 3 |  3.1
Armour         | 3 4 |  4.9
Fighting       | 4 5 |  5.4

Action                     |  1- 3 |  4- 6 |  7- 9 || total
---------------------------+-------+-------+-------++-------
  Melee: War axe           |   107 |   117 |    34 ||   258
         Headbutt          |     7 |    17 |     5 ||    29
  Evoke: Wand              |       |     3 |     6 ||     9
    Use: Potion            |       |       |     4 ||     4
   Stab: Paralysed         |       |     6 |       ||     6
 Armour: Scale mail        |    94 |       |       ||    94
         Ring mail         |    16 |    92 |    35 ||   143
  Dodge: Dodged            |    62 |    67 |    16 ||   145
  Block: Buckler           |    31 |    31 |     6 ||    68

Table legend: (Time is in decaauts)
 A = Elapsed time spent in this place.
 B = Non-inter-level travel time spent in this place.
 C = Inter-level travel time spent in this place.
 D = Time resting spent in this place.
 E = Time spent auto-exploring this place.
 F = Levels seen in this place.
 G = Mean time per level.
                   A        B        C        D        E       F      G
               +--------+--------+--------+--------+--------+-----+--------+
         Total |   2886 |   2809 |     77 |    222 |   1922 |   5 |  577.2 |
       Dungeon |   2886 |   2809 |     77 |    222 |   1922 |   5 |  577.2 |
               +--------+--------+--------+--------+--------+-----+--------+

Top non-repeatable levels by time:
     D:3: 971 daAuts
     D:2: 612 daAuts
     D:1: 577 daAuts
     D:5: 565 daAuts
     D:4: 159 daAuts
